 Dungeon Crawl Stone Soup version 0.29.0-7-g18a832c13a (webtiles) character file.

Game seed: 18270089633318285468

163 sanka the Cudgeller (level 5, -3/50 HPs)
             Began as a Troll Cinder Acolyte on Aug 31, 2022.
             Was a High Priest of Ignis.
             Blown up by Ijyb (13 damage)
             ... with a mindburst bolt
             ... on level 3 of the Dungeon.
             The game lasted 00:02:13 (2037 turns).

sanka the Cudgeller (Troll Cinder Acolyte)          Turns: 2037, Time: 00:02:13

Health: -3/50      AC: 11    Str: 22    XL:     5   Next: 20%
Magic:  5/5        EV:  9    Int: 10    God:    Ignis [*****.]
Gold:   245        SH:  5    Dex:  7    Spells: 6/6 levels left

rFire   + . .      SeeInvis .   a - -1 mace (flame)
rCold   . . .      Faith    .   (no shield)
rNeg    . . .      Spirit   .   b - +0 robe
rPois   .          Reflect  +   (helmet restricted)
rElec   .          Harm     .   (no cloak)
rCorr   .          Rampage  .   (gloves unavailable)
Will    .....                   (boots unavailable)
Stlth   +.........              l - amulet of reflection
HPRegen 0.96/turn               (no ring)
MPRegen 0.09/turn               (no ring)

@: fiery-armoured
A: large, unfitting armour, claws 3, regeneration 1, shaggy fur 1, tough skin 1
a: Renounce Religion, Fiery Armour, Foxfire Swarm, Rising Flame


You were on level 3 of the Dungeon.
You worshipped Ignis.
Ignis was extremely pleased with you.
You visited 1 branch of the dungeon, and saw 3 of its levels.

You collected 245 gold pieces.


Innate Abilities, Weirdness & Mutations

You are too large for most types of armour.
You have claws for hands.
Your natural rate of healing is unusually fast.
You are covered in fur. (AC +1)
You have tough skin. (AC +1)


   Skills:
 - Level 2.4 Fighting
 + Level 5.4 Maces & Flails
 - Level 1.0 Spellcasting
 - Level 2.1 Fire Magic


You had 6 spell levels left.
You didn't know any spells.
Your spell library contained the following spells:

 Spells                   Type           Power      Damage    Failure   Level
 Scorch                   Fire           8%         2d5       22%         2
 Sandblast                Erth           0%         2d4       34%         1
 Passwall                 Tmut/Erth      0%         N/A       45%         2
 Stone Arrow              Conj/Erth      0%         3d7       71%         3

Inventory:

Hand Weapons
 a - a -1 mace of flaming (weapon)
Armour
 b - a +0 robe (worn)
Jewellery
 l - an amulet of reflection (around neck)
Wands
 k - a wand of polymorph (6)
Scrolls
 c - a scroll of acquirement {unknown}
 f - 3 scrolls of teleportation {unknown}
 h - 2 scrolls of immolation {unknown}
 i - 2 scrolls of identify {unknown}
Potions
 d - a potion of ambrosia {unknown}
 e - 2 potions of degeneration {unknown}
 g - a potion of might {unknown}
 j - a potion of curing {unknown}
 m - a potion of flight {unknown}

Dungeon Overview and Level Annotations

Branches:
Dungeon (3/15)

Altars:

Annotations:
D:3 Ijyb

▒▒▒▒▒▒▒▒▒▒
▒.....:...
▒.........
▒▒.........
▒..........
▒.........
▒.........
▒g▒▒▒▒▒▒▒▒
▒▒▒▒▒▒T▒
▒......▒
▒▒▒▒<▒▒▒▒▒▒
▒....▒
▒....▒▒▒▒▒▒▒▒▒
▒............▒
▒....▒.▒▒▒▒▒.▒
▒▒▒▒▒▒.▒...▒.▒
▒.▒▒..▒.▒


You could see Ijyb.


Message History

Your mind is blasted!
* * * LOW HITPOINT WARNING * * *
The kobold attacks as you move away! The kobold misses you.
Use which ability? (? or * to list)
A protective cloak of flame settles atop you.
You block the kobold's attack.
You hit the kobold. You burn the kobold.
You kill the kobold!
You hit Ijyb. You burn Ijyb.
Ijyb is moderately wounded.
Ijyb hits you with a +0 dagger.
* * * LOW HITPOINT WARNING * * *
You hit Ijyb but do no damage.
Ijyb is moderately wounded.
Ijyb zaps a wand.
Your mind is blasted!
* * * LOW HITPOINT WARNING * * *
You hit Ijyb. You burn Ijyb.
Ijyb is heavily wounded.
Ijyb closely misses you.
You hit Ijyb. You burn Ijyb.
Ijyb is heavily wounded.
Ijyb zaps a wand.
Your mind is blasted!
You die...

Action                   |  1- 3 |  4- 6 || total
-------------------------+-------+-------++-------
Melee: Mace              |    98 |    45 ||   143
       Unarmed           |       |    18 ||    18
Invok: Fiery Armour      |     1 |     1 ||     2
Armor: Robe              |    48 |    15 ||    63
Dodge: Dodged            |    49 |    33 ||    82
Block: Other             |       |     4 ||     4

Levels and vault maps discovered:
D:1:      dpeg_arrival_another_circle, layout_basic, minmay_gold_behind_fungi
D:2:      layout_basic, uniq_natasha, uniq_terence
D:3:      minmay_general_purpose_star, layout_basic,
          grunt_temple_overflow_cloverleaf, minmay_misc_feat_square,
          uniq_sigmund, uniq_ijyb

Notes
Turn   | Place    | Note
-------+----------+-------------------------------------------
     0 | D:1      | sanka the Troll Cinder Acolyte began the quest for the Orb.
     0 | D:1      | Reached XP level 1. HP: 22/22 MP: 1/1
   140 | D:1      | Reached skill level 3 in Maces & Flails
   211 | D:1      | Reached XP level 2. HP: 29/29 MP: 2/2
   843 | D:2      | Reached XP level 3. HP: 36/36 MP: 3/3
   928 | D:2      | Reached skill level 4 in Maces & Flails
  1013 | D:2      | Noticed Terence
  1025 | D:2      | Killed Terence
  1205 | D:2      | Noticed Natasha
  1213 | D:2      | Killed Natasha
  1214 | D:2      | Reached XP level 4. HP: 44/44 MP: 4/4
  1515 | D:2      | Noticed Natasha
  1520 | D:2      | Killed Natasha
  1521 | D:2      | Reached skill level 5 in Maces & Flails
  1803 | D:2      | Noticed Natasha
  1824 | D:2      | Killed Natasha
  1825 | D:2      | Reached XP level 5. HP: 33/50 MP: 5/5
  2025 | D:3      | Noticed Ijyb
  2037 | D:3      | Blown up by Ijyb

Vanquished Creatures
  Terence (D:2)
  Natasha (thrice) (D:2)
  An adder (D:3)
  2 dart slugs (D:2)
  An orc (D:3)
  4 ball pythons
  6 bats
  4 endoplasms
  5 giant cockroaches
  A goblin (D:2)
  7 hobgoblins
  3 jackals (D:2)
  A quokka (D:2)
  A frilled lizard (D:2)
  5 kobolds
  2 rats
47 creatures vanquished.

Vanquished Creatures (others)
  2 fungi (D:1)
  5 toadstools (D:1)
7 creatures vanquished.

Grand Total: 54 creatures vanquished
